Unix NetHack Version 5.0.0-0 post-release - last build May 23 2026 06:08:33 (1c0ff79ee797540d5714e4e18072db0edd9e58ae,branch:main).

Game began 2026-05-24 21:05:43, ended 2026-05-25 09:15:35.

7spoons, lawful female human Valkyrie

                                   ----------------
                                  |...............|
                                -.................----
                               ......................--
                                -..................|..--
                                ---------------------C.--
                                                    --@.-
                                                     --...
                                                       --
                              ........
                             ..........
                            .......)....
                           .......*.(...
                           ...)...<.....
                           ............
                            ...-------
                             ..|

7spoons the Fighter         St:16 Dx:16 Co:18 In:7 Wi:9 Ch:9  Lawful
Dlvl:12 $:62 HP:0(69) Pw:23(23) AC:-2 Xp:8 T:10466  Burdened

Latest messages:
 The gremlin hits!
 The gremlin hits again!
 The gremlin misses!
 The gremlin misses!
 You kill the gremlin!
 There is a staircase up to level 11 here.
 You see here a dagger.
 You have a little trouble lifting a dagger.  Continue? [ynq] (q)
 You learn more about your items by comparing them.
 You have a little trouble lifting R - a +0 dagger (at the ready) (17 in total).
 Your movements are slowed slightly because of your load.
 Your large cat eats a gnomish wizard corpse.
 You hear a nearby zap.
 You materialize in a different location!
 You hit the orc-captain.
 The orc-captain misses!
 The orc-captain misses!
 The mountain centaur hits!
 The mountain centaur misses!
 The mountain centaur kicks!
 The mountain centaur just misses!
 The mountain centaur kicks!
 The mountain centaur kicks again!
 The mountain centaur hits!
 The mountain centaur kicks!
 The mountain centaur kicks again!
 The mountain centaur hits!
 The mountain centaur kicks!
 The mountain centaur misses!
 The mountain centaur hits!
 The mountain centaur kicks!
 The mountain centaur kicks again!
 The mountain centaur hits!
 The mountain centaur misses!
 The mountain centaur misses!
 You step onto a polymorph trap!
 Your pair of iron shoes warps strangely.
 L - a +0 pair of mud boots (being worn).
 The mountain centaur hits!
 The mountain centaur kicks!
 The mountain centaur kicks again!
 The mountain centaur hits!
 The mountain centaur kicks!
 The mountain centaur kicks again!
 You die...
 Do you want your possessions identified? [ynq] (y)
 Do you want to see your attributes? [ynq] (y)
 Do you want an account of creatures vanquished? [ynaq] (y)
 Do you want to see your conduct and achievements? [ynq] (y)
 Do you want to see the dungeon overview? [ynq] (y)

Inventory:
 Coins    ('$')
  $ - 62 gold pieces
 Weapons  (')')
  q - 5 +0 crossbow bolts
  p - a +0 dart
  T - 4 blessed +3 daggers
  R - 17 +0 daggers (at the ready)
  a - a rusty +1 spear (weapon in right hand)
 Armor    ('[')
  u - an uncursed +0 dwarvish iron helm
  I - an uncursed +0 dwarvish iron helm (being worn)
  V - a blessed +0 pair of leather gloves (being worn)
  L - a blessed +0 pair of kicking boots (being worn)
  c - an uncursed +3 small shield (being worn)
  t - a blessed +1 dwarvish cloak (being worn)
  w - an uncursed +0 Hawaiian shirt with a parrot motif (being worn)
  o - an uncursed +0 studded leather armor (being worn)
 Comestibles  ('%')
  r - an uncursed C-ration
  W - an uncursed food ration
  B - 3 uncursed tripe rations
  Y - an uncursed lizard corpse
 Potions  ('!')
  A - an uncursed potion of confusion
  G - an uncursed potion of sickness
 Rings    ('=')
  x - an uncursed ring of regeneration
 Wands    ('/')
  f - a blessed wand of digging (0:0)
  z - a wand of digging (0:3)
  k - a wand of magic missile (0:4)
  D - a wand of opening (0:4)
  e - a wand of speed monster (0:5)
 Tools    ('(')
  b - an uncursed blindfold
  j - an uncursed blindfold
  E - an uncursed brass lantern
  s - an uncursed oil lamp
  N - an uncursed oil lamp (lit)
  F - a cursed oil lamp
  C - an uncursed tallow candle
  v - an uncursed tin whistle
 Gems/Stones  ('*')
  h - 3 uncursed worthless pieces of black glass
  l - an uncursed worthless piece of green glass
  H - an uncursed worthless piece of white glass
  d - 2 uncursed worthless pieces of yellow glass
  y - an uncursed luckstone
  i - an uncursed rock

7spoons the Valkyrie's attributes:

Background:
 You were a Fighter, a level 8 human Valkyrie.
 You were lawful, on a mission for Tyr
 who was opposed by Odin (neutral) and Loki (chaotic).
 You were right-handed.
 You were in the Gnomish Mines, on level 12.
 You entered the dungeon 10466 turns ago.
 You had 2232 experience points, 328 more were needed to attain level 9.

Basics:
 You had 0 out of 69 hit points.
 You had all 23 energy points (spell power).
 Your armor class was -2.
 Your wallet contained 62 zorkmids.
 Autopickup was off.

Final Characteristics:
 Your strength was 16 (peak:17, limit:18/100).
 Your dexterity was 16 (limit:18).
 Your constitution was 18 (limit:18).
 Your intelligence was 7 (limit:18).
 Your wisdom was 9 (limit:18).
 Your charisma was 9 (limit:18).

Final Status:
 You weren't hungry.
 You were burdened; movement was slightly slowed.
 You were wielding a spear.
 You had basic skill with spear and could have enhanced that.

Final Attributes:
 You were piously aligned.
 Your items were somewhat protected from fire.
 You were cold resistant.
 Your items were somewhat protected from cold.
 You were poison resistant.
 You were telepathic.
 You were stealthy.
 You were warded.
 You were fast.
 You were lucky.
 You had extra luck.
 Bad luck did not time out for you.
 Good luck did not time out for you.
 You are dead.

Miscellaneous:
 You didn't encounter any bones levels.
 Total elapsed playing time was 3 hours, 3 minutes and 29 seconds.

Major events:
 Turn
    1: 7spoons the lawful human Valkyrie entered the dungeon
 1184: entered the Gnomish Mines
 2837: attained the rank of Skirmisher (level 3)
 3405: reached Mine Town
 4263: attained the rank of Fighter (level 6)
 7733: entered Sokoban
10466: killed by a mountain centaur

You didn't know any spells.

Skills:
 Fighting Skills
   bare handed combat [Unskilled]
   two weapon combat  [Unskilled]
   riding             [Unskilled]
 Weapon Skills
   dagger             [Basic]
   axe                [Unskilled]
   pick-axe           [Unskilled]
   short sword        [Unskilled]
   broadsword         [Unskilled]
   long sword         [Unskilled]
   two-handed sword   [Unskilled]
   saber              [Unskilled]
   hammer             [Unskilled]
   quarterstaff       [Unskilled]
   polearms           [Unskilled]
   spear              [Basic]
   trident            [Unskilled]
   lance              [Unskilled]
   sling              [Unskilled]
 Spellcasting Skills
   attack spells      [Unskilled]
   escape spells      [Unskilled]

Voluntary challenges:
 Character rerolling was not enabled.
 You never genocided any monsters.
 You never polymorphed an object.
 You never changed form.
 You used no wishes.
 You did not violate any of the special Sokoban rules.
Achievements:
 You entered the Gnomish Mines.
 You entered a shop.
 You attained the rank of Skirmisher.
 You entered Minetown.
 You entered a temple.
 You attained the rank of Fighter.
 You entered Sokoban.

 The Dungeons of Doom: levels 1 to 9
    Level 1:
    Level 2:
    Level 3:
       Stairs down to The Gnomish Mines.
    Level 4:
       A fountain.
    Level 5:
       A general store, an altar to Tyr.
    Level 6:
       Some fountains.
    Level 7:
       Many fountains.
       Oracle of Delphi.
    Level 8:
       Stairs up to Sokoban, level 7.
    Level 9:
 The Gnomish Mines: levels 4 to 12
    Level 4:
    Level 5:
    Level 6:
       Many shops, a temple and an altar to Tyr, some fountains.
    Level 7:
    Level 8:
    Level 9:
    Level 10:
    Level 11:
    Level 12: <- You were here.
       Final resting place for
          you, killed by a mountain centaur.
 Sokoban:
    Level 7:
       Unsolved.


Vanquished creatures:
  a gelatinous cube
  2 soldiers
  3 watchmen
  a chameleon
  a giant beetle
  a quivering blob
  a gremlin
  a spotted jelly
  a leprechaun
  4 giant spiders
  2 ice vortices
  2 gnome rulers
 an orc mummy
  a dwarf mummy
  2 yetis
  a werewolf
  3 lizards
  a dog
  a housecat
  a jaguar
  a dwarf leader
  2 ravens
  2 plains centaurs
  a gnome mummy
  2 snakes
  a human zombie
  2 bugbears
 an imp
  3 wood nymphs
  a water nymph
  2 mountain nymphs
 10 Uruk-hai
  a rock piercer
  a rock mole
  2 ponies
  a fog cloud
  a yellow light
  4 shriekers
  a violet fungus
 15 gnome leaders
  7 gnomish wizards
  2 kobold mummies
  a gray ooze
 an elf zombie
  a ghoul
  8 giant ants
  2 floating eyes
 14 dwarves
  2 homunculi
  a kobold leader
 10 hill orcs
  6 rothes
  a rabid rat
  a centipede
  a giant bat
  a monkey
 an orc zombie
  2 dwarf zombies
  a wererat
  8 iguanas
  5 acid blobs
  6 coyotes
  2 gas spores
  3 hobbits
  2 large kobolds
  a hobgoblin
  6 giant rats
  2 yellow molds
  a green mold
  a red mold
 59 gnomes
  5 geckos
 14 jackals
  2 foxes
  3 kobolds
  6 goblins
  a sewer rat
  9 grid bugs
  a bat
  9 lichens
  4 kobold zombies
 11 newts
309 creatures vanquished.

No species were genocided or became extinct.

Game over:
                       ----------
                      /          \
                     /    REST    \
                    /      IN      \
                   /     PEACE      \
                  /                  \
                  |     7spoons      |
                  |      62 Au       |
                  |   killed by a    |
                  | mountain centaur |
                  |                  |
                  |                  |
                  |       2026       |
                 *|     *  *  *      | *
        _________)/\\_//(\/(/\)/\//\/|_)_______

Farvel 7spoons the Valkyrie...

You died in The Gnomish Mines on dungeon level 12 with 9554 points,
and 62 pieces of gold, after 10466 moves.
You were level 8 with a maximum of 69 hit points when you died.

